 Dungeon Crawl Stone Soup version 0.21.1-1-g345015f (webtiles) character file.

55 zishaf the Slasher (level 3, 0/29 HPs)
             Began as a Barachi Fighter on May 12, 2018.
             Slain by a rat (1 damage)
             ... on level 2 of the Dungeon.
             The game lasted 00:02:06 (977 turns).

zishaf the Slasher (Barachi Fighter)                 Turns: 977, Time: 00:02:07

Health: 0/29       AC:  6    Str: 18    XL:     3   Next: 93%
Magic:  3/3        EV:  7    Int:  8    God:
Gold:   76         SH:  9    Dex: 11    Spells: 2/2 levels left

rFire    . . .     SeeInvis .   a - +0 long sword
rCold    . . .     Gourm    .   c - +0 shield
rNeg     . . .     Faith    .   b - +0 scale mail
rPois    .         Spirit   .   (no helmet)
rElec    .         Reflect  .   l - scarf {cloud immunity}
rCorr    .         Harm     .   (no gloves)
MR       .....                  (no boots)
Stlth    ..........             (no amulet)
HPRegen  0.09/turn              (no ring)
MPRegen  0.08/turn              (no ring)

@: lethally poisoned (0 -> -4), slow
A: +LOS, swims, slowness 1, strong legs 1
a: Hop


You were on level 2 of the Dungeon.
You were not hungry.

You visited 1 branch of the dungeon, and saw 2 of its levels.

You collected 76 gold pieces.

Inventory:

Hand Weapons
 a - a +0 long sword (weapon)
Missiles
 h - 20 poisoned needles
Armour
 b - a +0 scale mail (worn)
 c - a +0 shield (worn)
 l - a scarf of cloud immunity (worn)
Scrolls
 g - a scroll of magic mapping {unknown}
 j - a scroll of fear {unknown}
 k - 2 scrolls of identify {unknown}
 p - 2 scrolls of enchant weapon {unknown}
 q - a scroll of remove curse {unknown}
 r - a scroll of noise {unknown}
Potions
 d - 2 potions of might
 e - a potion of invisibility {unknown}
 i - a potion of ambrosia {unknown}
 m - a potion of mutation {unknown}
 n - a potion of curing {unknown}
 t - a potion of lignification {unknown}
Books
 s - a book of Misfortune

   Spells                             Type                      Level
   a - Confusing Touch                Hexes                        1
   b - Confuse                        Hexes                        3
   c - Gell's Gravitas                Translocation                3
   d - Petrify                        Transmutation/Earth          4
   e - Metabolic Englaciation         Hexes/Ice                    5
   f - Yara's Violent Unravelling     Hexes/Transmutation          5
Comestibles
 f - 2 rations
 o - 6 chunks of flesh


   Skills:
 - Level 3.6 Fighting
 + Level 5.0 Long Blades
 - Level 3.6 Armour
 - Level 3.2 Shields


You had 2 spell levels left.
You didn't know any spells.

Dungeon Overview and Level Annotations

Branches:
Dungeon (2/15)

Altars:


Innate Abilities, Weirdness & Mutations

Shadows flee at your approach. (+LOS)
You can swim through water.
You cover ground slowly.
You can hop short distances.


Message History

The rat bites you but does no damage. You block the adder's attack.
You miss the adder.
The adder is moderately wounded.
You block the rat's attack. You block the adder's attack.
The rat bites you but does no damage.
You slash the adder!
You kill the adder!
Your Long Blades skill increases to level 5!
* * * LOW HITPOINT WARNING * * *
You feel sick. The rat bites you but does no damage.
* * * LOW HITPOINT WARNING * * *
You feel sick. The rat bites you.
* * * LOW HITPOINT WARNING * * *
Found a ration.
You see here an adder corpse.
The rat bites you but does no damage.
You barely miss the rat.
* * * LOW HITPOINT WARNING * * *
You feel sick. The rat bites you.
You die...

#.......#.#####
####....#.....###
##...........#
###.......#. ##.......#
##### #........### ......
#.#........#
.......######.#..÷.....##
.%......@†......#.#.....#
.........r...............
.......######.###....###.
....... #.# #.#.....#
##..## #.# #.##..#.. #.
#.# #.###.... # #.# #.#
####. ..###.####...
............


You could see a rat.

Vanquished Creatures
  3 adders (D:2)
  A dart slug (D:1)
  A ball python (D:1)
  4 goblins (D:1)
  4 hobgoblins
  A quokka (D:2)
  4 bats
  2 frilled lizards
  4 kobolds
  3 rats (D:1)
27 creatures vanquished.

Notes
Turn   | Place    | Note
-------+----------+-------------------------------------------
     0 | D:1      | zishaf the Barachi Fighter began the quest for the Orb.
     0 | D:1      | Reached XP level 1. HP: 18/18 MP: 1/1
    47 | D:1      | Reached skill level 3 in Long Blades
   130 | D:1      | Reached XP level 2. HP: 24/24 MP: 2/2
   783 | D:2      | Reached skill level 4 in Long Blades
   816 | D:2      | Reached XP level 3. HP: 29/29 MP: 3/3
   974 | D:2      | Reached skill level 5 in Long Blades
   977 | D:2      | HP: 1/29 [poisoned by an adder]
   977 | D:2      | Slain by a rat

Skill      XL: |  1  2  3 |
---------------+----------+-----
Long Blades    | 3 4 5 |  5.0
Fighting       | |  3.6
Armour         | |  3.6
Shields        | |  3.2

Action                   || total
-------------------------++-------
Melee: Long sword        ||    87
  Eat: Chunk             ||     1
Armor: Scale mail        ||    41
Dodge: Dodged            ||    25
Block: Shield            ||    55
       Rpst.: Long sword ||    11
